 Dungeon Crawl Stone Soup version 0.28.0 (webtiles) character file.

Game seed: 17973374290784420535

947 theElss the Skirmisher (level 8, -6/76 HPs)
             Began as a Gargoyle Berserker on Feb 17, 2022.
             Was a Believer of Trog.
             Mangled by an ogre (28 damage)
             ... on level 4 of the Dungeon.
             The game lasted 00:07:42 (3172 turns).

theElss the Skirmisher (Gargoyle Berserker)         Turns: 3172, Time: 00:07:43

Health: -6/76      AC: 13    Str: 20    XL:     8   Next: 13%
Magic:  8/8        EV: 12    Int:  9    God:    Trog [**....]
Gold:   143        SH:  0    Dex: 11    Spells: 7/7 levels left

rFire   + . .      SeeInvis .   o - +6 hand axe of the Lusting Eel {flame, rF+}
rCold   . . .      Faith    .   (no shield)
rNeg    + . .      Spirit   .   i - +0 ring mail
rPois   ∞          Reflect  .   k - +0 helmet
rElec   +          Harm     .   (no cloak)
rCorr   .          Rampage  .   (no gloves)
Will    .....                   (no boots)
Stlth   ..........              (no amulet)
HPRegen 0.22/turn               (no ring)
MPRegen 0.11/turn               (no ring)

@: berserking, very quick
A: sickness immunity, AC +5, negative energy resistance 1, electricity
resistance, torment resistance 1, petrification resistance
a: Renounce Religion, Berserk, Trog's Hand


You were on level 4 of the Dungeon.
You worshipped Trog.
Trog was pleased with you.
You visited 1 branch of the dungeon, and saw 4 of its levels.

You collected 143 gold pieces.

Inventory:

Hand Weapons
 a - a +0 mace
 o - the +6 hand axe of the Lusting Eel (weapon) {flame, rF+}
   (You found it on level 3 of the Dungeon)

   It burns those it strikes, dealing additional fire damage.
   Big, fiery blades are also staple armaments of hydra-hunters.
   rF:        It protects you from fire.
 s - the +9 demon whip "Ynyu" {freeze, rElec rC+++ Will- Dex-2}
   (You took it off a gnoll sergeant on level 4 of the Dungeon)

   It freezes those it strikes, dealing additional cold damage.
   It can also slow down cold-blooded creatures.
   Dex:       It affects your dexterity (-2).
   rC:        It renders you almost immune to cold.
   rElec:     It insulates you from electricity.
   Will:      It decreases your willpower.
Missiles
 r - a throwing net (quivered)
Armour
 b - a +0 animal skin
 i - a +0 ring mail (worn)
 k - a +0 helmet (worn)
Jewellery
 h - a ring of fire
Wands
 t - a wand of digging (5)
Scrolls
 c - a scroll of amnesia {unknown}
 e - a scroll of teleportation {unknown}
 f - a scroll of noise {unknown}
 g - 3 scrolls of identify {unknown}
 l - a scroll of blinking {unknown}
 p - a scroll of fog {unknown}
Potions
 d - a potion of attraction {unknown}
 j - 2 potions of curing
 m - a potion of invisibility {unknown}
 n - a potion of lignification
 q - a potion of mutation {unknown}


   Skills:
 + Level 5.9 Fighting
 + Level 5.3 Maces & Flails
 + Level 5.4 Armour
 + Level 4.0 Dodging


You had 7 spell levels left.
You didn't know any spells.
Your spell library was empty.

Dungeon Overview and Level Annotations

Branches:
Dungeon (4/15)             Temple (0/1) D:4

Altars:


Innate Abilities, Weirdness & Mutations

You are immune to sickness and miasma.
Your stone body is resilient. (AC +5)
You are immune to poison.
You resist negative energy. (rN+)
You are resistant to electric shocks. (rElec)
You are resistant to unholy torment.
You are immune to petrification.


Message History

The kobold shouts!
Found a flail.
The kobold barely misses you.
You barely miss the kobold. The kobold barely misses you.
The kobold hits you but does no damage.
You slash the kobold! You burn the kobold.
You kill the kobold!
Trog accepts your kill.
Things that are here:
a +0 whip; a kobold corpse You see here a +0 flail.
A goblin comes into view. It is wielding a +0 dagger.
The goblin shouts!
You hit the goblin. You burn the goblin.
You kill the goblin!
Trog accepts your kill.
Things that are here:
a +0 dagger; a goblin corpse
Found 10 sling bullets.
You now have 132 gold pieces (gained 12).
Found a stone staircase leading down.
You now have 143 gold pieces (gained 11).
You see here a book of Callings.
An ogre comes into view. It is wielding a +0 giant club.
The ogre shouts!
You barely miss the ogre.
The ogre hits you with a +0 giant club!!
You slash the ogre! You burn the ogre.
The ogre is heavily wounded.
The ogre hits you with a +0 giant club!
A red film seems to cover your vision as you go berserk!
You feel yourself moving faster!
You feel mighty! The ogre hits you with a +0 giant club!
* * * LOW HITPOINT WARNING * * *
You barely miss the ogre.
The ogre is heavily wounded.
You slash the ogre! You burn the ogre.
The ogre is almost dead.
The ogre hits you with a +0 giant club!!
You die...

######### ..##....#..##
............#
............###
#................#
..#...............##
............O...###
..............@...#
##...............###
..........(.....###
.................#####
#...................##
#....##.#.##.........#
.
#....#..#####..##.)..##
.. #....# ##..#.##..###
... ##...#####
##.#.......#


You could see an ogre.

Vanquished Creatures
  Sigmund (D:2)
  Duvessa (D:4)
  An ice beast (D:3)
  A black bear (D:4)
  A necrophage (D:4)
  A gnoll sergeant (D:4)
  Dowan (D:4)
  A centaur skeleton (D:4)
  A hound (D:4)
  A bullfrog skeleton (D:4)
  Ijyb (D:4)
  8 gnolls (D:4)
  7 adders
  3 worms
  A dart slug (D:1)
  2 orcs
  5 endoplasms
  5 goblins
  5 hobgoblins
  A quokka (D:2)
  6 ball pythons
  5 bats
  4 frilled lizards
  8 kobolds
  6 rats
77 creatures vanquished.

Vanquished Creatures (others)
  A fungus (D:1)
  3 plants (D:1)
4 creatures vanquished.

Grand Total: 81 creatures vanquished

Notes
Turn   | Place    | Note
-------+----------+-------------------------------------------
     0 | D:1      | theElss the Gargoyle Berserker began the quest for the Orb.
     0 | D:1      | Reached XP level 1. HP: 14/14 MP: 1/1
   246 | D:1      | Found a faded altar of an unknown god.
   298 | D:1      | Reached XP level 2. HP: 19/19 MP: 2/2
   842 | D:2      | Reached XP level 3. HP: 19/23 MP: 3/3
  1374 | D:2      | Noticed Sigmund
  1390 | D:2      | Killed Sigmund
  1391 | D:2      | Reached XP level 4. HP: 9/30 MP: 4/4
  1391 | D:2      | Reached XP level 5. HP: 11/34 MP: 5/5
  2034 | D:3      | Reached XP level 6. HP: 34/39 MP: 6/6
  2073 | D:3      | Noticed an ice beast
  2096 | D:3      | Killed an ice beast
  2193 | D:3      | Identified the +6 hand axe of the Lusting Eel {flame, rF+}
  2252 | D:3      | Reached ** piety under Trog
  2445 | D:4      | Noticed Dowan
  2446 | D:4      | Noticed Duvessa
  2473 | D:4      | Reached skill level 5 in Fighting
  2483 | D:4      | Reached XP level 7. HP: 19/44 MP: 7/7
  2483 | D:4      | Killed Dowan
  2717 | D:4      | Killed Duvessa
  2760 | D:4      | Found a staircase to the Ecumenical Temple.
  2782 | D:4      | Noticed Ijyb
  2782 | D:4      | Identified the +9 demon whip "Ynyu" {freeze, rElec rC+++
                  | Will- Dex-2}
  2794 | D:4      | Killed Ijyb
  2795 | D:4      | Reached skill level 5 in Maces & Flails
  2795 | D:4      | Reached skill level 5 in Armour
  2801 | D:4      | Reached XP level 8. HP: 8/51 MP: 8/8
  3172 | D:4      | Mangled by an ogre

Illustrated notes

Levels and vault maps discovered:
D:1:      dpeg_arrival_water_temple_mockup, layout_basic,
          shapermc_ecumenical_altar_mp_ritualfount, minmay_heptomino_l4
D:2:      layout_loops_ring, chequers_serial_rivers_micro_d,
          minmay_tree_intersection, uniq_sigmund
D:3:      layout_rooms
D:4:      layout_cave_pools, minmay_temple_entry_mist, uniq_duvessa,
          uniq_edmund, uniq_ijyb

Skill      XL: |  1  2  3  4  5  6  7  8 |
---------------+-------------------------+-----
Dodging        | 2 3 4 |  4.0
Fighting       | 4 5 |  5.9
Maces & Flails | 4 5 |  5.3
Armour         | 3 4 5 |  5.4

Action                   |  1- 3 |  4- 6 |  7- 9 || total
-------------------------+-------+-------+-------++-------
Melee: Mace              |    97 |    65 |       ||   162
       Hand axe          |       |    35 |    41 ||    76
       Punch             |       |       |     1 ||     1
Invok: Berserk           |     2 |     2 |     3 ||     7
       Trog's Hand       |       |       |     1 ||     1
  Use: Potion            |       |       |     2 ||     2
 Stab: Sleeping          |     1 |       |       ||     1
Armor: Animal skin       |    26 |       |       ||    26
       Ring mail         |     9 |    61 |    12 ||    82
       Skin              |       |       |    32 ||    32
Dodge: Dodged            |    63 |    74 |    25 ||   162
